 Dungeon Crawl Stone Soup version 0.30-a0-169-g06f667207d (webtiles) character file.

Game seed: 17087051738629912658

110 qw the Chopper (level 4, 0/28 HPs)
             Began as a Gargoyle Fighter on Sept 29, 2022.
             Slain by Sigmund
             ... wielding a +0 scythe
              (2 damage)
             ... on level 2 of the Dungeon.
             The game lasted 00:00:42 (1632 turns).

qw the Chopper (Gargoyle Fighter)                   Turns: 1632, Time: 00:00:43

Health: 0/28       AC: 10    Str: 22    XL:     4   Next: 91%
Magic:  4/4        EV:  9    Int:  8    God:
Gold:   76         SH:  4    Dex:  9    Spells: 3/3 levels left

rFire   . . .      SeeInvis .    h - +0 war axe (spect)
rCold   . . .      Faith    .    c - +0 buckler
rNeg    + . .      Spirit   .    b - +0 scale mail
rPois   inf        Reflect  .    (no helmet)
rElec   +          Harm     .    (no cloak)
rCorr   .          Rampage  .    (no gloves)
Will    .....                    (no boots)
Stlth   ..........               (no amulet)
HPRegen 0.09/turn                (no ring)
MPRegen 0.09/turn                (no ring)

@: no status effects
A: sickness immunity, AC +3, negative energy resistance 1, electricity
resistance, torment resistance 1, petrification resistance
a: no special abilities


You were on level 2 of the Dungeon.
You visited 1 branch of the dungeon, and saw 2 of its levels.

You collected 76 gold pieces.


Innate Abilities, Weirdness & Mutations

You are immune to sickness and miasma.
Your stone body is resilient. (AC +3)
You are immune to poison.
You resist negative energy. (rN+)
You are resistant to electric shocks. (rElec)
You are resistant to unholy torment.
You are immune to petrification.


   Skills:
 - Level 3.2 Fighting
 + Level 4.4 Axes
 - Level 3.2 Armour
 - Level 3.2 Shields


You had 3 spell levels left.
You didn't know any spells.
Your spell library was empty.

Inventory:

Hand Weapons
 a - a +0 flail
 h - a +0 spectral war axe (weapon)
Armour
 b - a +0 scale mail (worn)
 c - a +0 buckler (worn)
Scrolls
 Y - a scroll of identify
Potions
 d - a potion of might
 i - a potion of lignification {unknown}
 k - a potion of brilliance {unknown}
 l - 2 potions of haste

Dungeon Overview and Level Annotations

Branches:
Dungeon (2/15)

Altars:

Annotations:
D:2 Sigmund


Message History

You barely miss Sigmund. Sigmund gestures at you while chanting.
You resist with some effort.
You hit Sigmund.
Sigmund is lightly wounded.
Sigmund casts a spell at you.
You are confused.
You bump into the rock wall.
Sigmund barely misses you.
You bump into the rock wall.
Sigmund hits you but does no damage. Sigmund hits you with a +0 scythe.
You bump into the rock wall.
Sigmund barely misses you.
You bump into the rock wall.
You feel less confused.
You hit Sigmund.
Sigmund is lightly wounded.
Sigmund mumbles some strange words.
Sigmund flickers and vanishes!
Deactivating autopickup; reactivate with Ctrl-A.
Something hits you!
You barely miss something. You closely miss something. Something hits you.
You closely miss something. Something hits you!
You closely miss something. Something hits you but does no damage.
You closely miss something. Something hits you but does no damage.
You hit something but do no damage. Something hits you.
You barely miss something. Something hits you.
You slash something! You block something's attack.
You closely miss something. Something hits you.
You die...

#...........#
#.###########
#.# ######.#
##.<....#
+..####.## ..#
#..# #{# ##.#
#######@# #.#
#.......# #.#
##..#########.#
##......%...%.#
#...###########
#+###.###
#.....# #######


There were no monsters in sight!

Vanquished Creatures
  An adder (D:2)
  4 gnolls (D:2)
  A worm (D:2)
  4 dart slugs (D:1)
  5 ball pythons
  5 endoplasms
  3 giant cockroaches
  6 goblins
  3 hobgoblins
  5 kobolds (D:1)
  4 quokkas
  4 bats
  4 rats (D:1)
49 creatures vanquished.

Vanquished Creatures (others)
  3 plants (D:1)
3 creatures vanquished.

Grand Total: 52 creatures vanquished

Notes
Turn   | Place    | Note
-------+----------+-------------------------------------------
     0 | D:1      | qw the Gargoyle Fighter began the quest for the Orb.
     0 | D:1      | Reached XP level 1. HP: 14/14 MP: 1/1
     0 | D:1      | 0 ||| qw: Version: 0.2-a-12-gaebbb33
     0 | D:1      | 0 ||| qw: Game counter: 1340
     0 | D:1      | 0 ||| qw: Always use a shield: true
     0 | D:1      | 0 ||| qw: God list: Okawaru
     0 | D:1      | 0 ||| qw: Allow faded altars: false
     0 | D:1      | 0 ||| qw: Do Orc after D:15 true
     0 | D:1      | 0 ||| qw: Do second Lair branch before Depths: true
     0 | D:1      | 0 ||| qw: Lair rune preference: random
     0 | D:1      | 0 ||| qw: Plans: Normal, Zot:1-4, God:TSO, Crypt, Tomb,
                  | Pan, Slime:5, Hells, Abyss, Orb
     0 | D:1      | 0 ||| PLANNING D:1-11
    19 | D:1      | Reached skill level 2 in Axes
   350 | D:1      | 350 ||| Stepping ~*~*~tactically~*~*~ (hiding).
   359 | D:1      | Reached XP level 2. HP: 18/19 MP: 2/2
   437 | D:1      | 437 ||| Stepping ~*~*~tactically~*~*~ (stealth).
   647 | D:1      | Found a faded altar of an unknown god.
   666 | D:1      | 666 ||| Stepping ~*~*~tactically~*~*~ (stealth).
   669 | D:1      | Reached skill level 3 in Axes
   683 | D:1      | Reached XP level 3. HP: 22/23 MP: 3/3
   822 | D:1      | 822 ||| Stepping ~*~*~tactically~*~*~ (hiding).
   824 | D:1      | 824 ||| Stepping ~*~*~tactically~*~*~ (hiding).
   825 | D:1      | 825 ||| Stepping ~*~*~tactically~*~*~ (hiding).
   866 | D:1      | 866 ||| Stepping ~*~*~tactically~*~*~ (stealth).
  1006 | D:1      | 1006 ||| READING scroll labelled VISHRI VAIWI.
  1007 | D:1      | 1007 ||| READING scroll labelled ATHRIG LIFOPAID.
  1008 | D:1      | 1008 ||| READING scroll labelled VERHIM PAZO.
  1009 | D:1      | 1009 ||| READING 2 scrolls labelled CYOVUA YTHREE.
  1010 | D:1      | 1010 ||| DRINKING 2 bubbling orange potions.
  1188 | D:2      | Reached XP level 4. HP: 28/28 MP: 4/4
  1222 | D:2      | Reached skill level 4 in Axes
  1225 | D:2      | HP: 5/28 [gnoll/+0 whip (3)]
  1472 | D:2      | 1472 ||| DROPPING +0 whip.
  1613 | D:2      | Noticed Sigmund
  1626 | D:2      | HP: 7/28 [something (7)]
  1630 | D:2      | HP: 2/28 [something (3)]
  1632 | D:2      | Slain by Sigmund

Levels and vault maps discovered:
D:1:      eino_arrival_druids_welcome, layout_basic,
          hellmonk_ecumenical_altar_zigzags
D:2:      layout_loops_ring, kennysheep_minor_cross, minmay_split_cup_small,
          uniq_sigmund

Skill      XL: |  1  2  3  4 |
---------------+-------------+-----
Axes           | 2 3 4 |  4.4
Fighting       | |  3.2
Armour         | |  3.2
Shields        | |  3.2

Action                   |  1- 3 |  4- 6 || total
-------------------------+-------+-------++-------
Melee: War axe           |   100 |    31 ||   131
  Use: Scroll            |     4 |       ||     4
       Potion            |     1 |       ||     1
Armor: Scale mail        |    42 |     6 ||    48
Dodge: Dodged            |    49 |     9 ||    58
Block: Buckler           |    17 |     2 ||    19

Table legend:
 A = Non-vault XP
 B = Vault XP
 C = Vault XP percentage of total XP
 D = Non-vault monster count
 E = Vault monster count
 F = Vault count percentage of total count
                 A         B        C        D         E       F
            +---------+---------+-------+---------+---------+-------
      Total |     152 |       6 |   3.8 |      46 |       3 |   6.1
            +---------+---------+-------+---------+---------+-------
        D:1 |      62 |       0 |   0.0 |      31 |       0 |   0.0
        D:2 |      90 |       6 |   6.2 |      15 |       3 |  16.7
            +---------+---------+-------+---------+---------+-------
